 Dungeon Crawl Stone Soup version 0.29.1-15-g9cfb28693d (webtiles) character file.

Game seed: 18087306063593412868

1571 Sanktem7 the Fighter (level 8, -1/68 (78) HPs)
             Began as a Minotaur Fighter on Feb 25, 2023.
             Slain by a wight
             ... wielding a +3 halberd of freezing
              (7 damage)
             ... on level 6 of the Dungeon.
             The game lasted 00:08:57 (4375 turns).

Sanktem7 the Fighter (Minotaur Fighter)             Turns: 4375, Time: 00:08:58

HP:   -1/68 (78)    AC: 14    Str: 22    XL:     8   Next: 59%
MP:   7/7           EV:  7    Int:  9    God:
Gold: 174           SH:  4    Dex: 11    Spells: 7/7 levels left

rFire   + . .      SeeInvis .   a - +1 war axe (elec) {axe}
rCold   . . .      Faith    +   c - +0 buckler
rNeg    . . .      Spirit   .   h - +0 chain mail
rPois   .          Reflect  .   (helmet restricted)
rElec   .          Harm     .   H - +1 cloak
rCorr   .          Rampage  .   g - +0 pair of gloves
Will    .....                   b - +0 pair of boots
Stlth   ..........              k - amulet "Ute Zipnoph" {Faith +Inv Fly rF+ Int+4}
HPRegen 0.21/turn               (no ring)
MPRegen 0.10/turn               (no ring)

@: flying, heavily drained
A: horns 2, retaliatory headbutt
a: Evoke Invisibility


You were on level 6 of the Dungeon.
You visited 1 branch of the dungeon, and saw 6 of its levels.

You collected 174 gold pieces.


Innate Abilities, Weirdness & Mutations

You have a pair of horns on your head.
You reflexively headbutt those who attack you in melee.


   Skills:
 * Level 9.1 Fighting
 * Level 8.6 Axes
 + Level 2.2 Throwing
 - Level 6.0 Armour
 - Level 3.6 Shields


You had 7 spell levels left.
You didn't know any spells.
Your spell library contained the following spells:

 Spells                   Type           Power      Damage    Failure   Level
 Frozen Ramparts          Ice            0%         1d1       100%        3
 Gell's Gravitas          Tloc           0%         N/A       100%        3
 Teleport Other           Tloc           0%         N/A       100%        3
 Ice Form                 Ice/Tmut       0%         N/A       100%        4
 Summon Ice Beast         Ice/Summ       0%         N/A       100%        4
 Summon Forest            Summ/Tloc      0%         N/A       100%        5
 Summon Mana Viper        Hex/Summ       0%         N/A       100%        5
 Dispersal                Tloc           0%         N/A       100%        6
 Summon Cactus Giant      Summ           0%         N/A       100%        6

Inventory:

Hand Weapons
 a - a +1 war axe of electrocution (weapon) {axe}
Missiles
 i - 89 stones (quivered) {throwing}
 q - a throwing net {=f!fthrowing}
 K - 6 curare-tipped darts {=fthrowing}
Armour
 b - a +0 pair of boots (worn)
   (You found it on level 1 of the Dungeon)
 c - a +0 buckler (worn)
 g - a +0 pair of gloves (worn)
   (You found it on level 1 of the Dungeon)
 h - a +0 chain mail (worn)
   (You found it on level 1 of the Dungeon)
 H - a +1 cloak (worn)
   (You found it on level 5 of the Dungeon)
Jewellery
 k - the amulet "Ute Zipnoph" (around neck) {Faith +Inv Fly rF+ Int+4}
   (You acquired it on level 5 of the Dungeon)

   [amulet of faith]

   It allows you to gain divine favour quickly.
   Int:       It affects your intelligence (+4).
   rF:        It protects you from fire.
   +Inv:      It lets you turn invisible.
   Fly:       It grants you flight.
 l - an amulet of regeneration {@e2}
   (You found it on level 1 of the Dungeon)
Wands
 L - a wand of charming (5)
   (You found it on level 5 of the Dungeon)
Scrolls
 n - 2 scrolls of blinking {!r}
 p - a scroll of fear {unknown}
 s - a scroll of teleportation {@r4}
 J - a scroll of enchant weapon
Potions
 d - a potion of might
 e - 3 potions of lignification {!q}
 f - a potion of magic {unknown}
 j - a potion of attraction {!q}
 m - 2 potions of resistance
 o - a potion of brilliance {unknown}
 v - a potion of haste {unknown}
 x - a potion of heal wounds {unknown}
 B - a potion of ambrosia {unknown}
 I - a potion of flight {unknown}

Dungeon Overview and Level Annotations

Branches:
Dungeon (6/15) Zot: 26678
 Temple: D:4-7

Altars:
Cheibriados
Wu Jian

Shops:
D:5

[ #+### #.# .. ....# #.#
... ....###.# ....
.....##.# l....
.....##.##...... .#
..)).....)zK.... .#
..))...K############ .#
..)..).l##.....#...###.###
.####.#z.#.#..).@........#
. #....#.#..)..........#
#....#.#..z).........#
#....#.#.............#
#....................#
#....>##.............#
##...###.............#
##### #.............#
########.##.###


You could see a wight.


Message History

You hit the wight. The wight closely misses you.
An iguana comes into view.
The wight hits you but does no damage. 😮 HP[+1]
The iguana hisses angrily.
You hit the wight. Lightning courses through the wight!
You destroy the wight!
The wight hits you but does no damage. 😮 HP[+1]
You now have 73 max hp (+4).
You closely miss the kobold.
The kobold hits you with a +0 short sword.
You block the wight's attack.
The kobold hits you with a +0 short sword.
The wight hits you from afar with a +3 halberd of freezing!
* * * LOW HITPOINT WARNING * * *
You feel drained.
* * * LOW HITPOINT WARNING * * *
The wight freezes you.
* * * LOW HITPOINT WARNING * * *
😨 HP[-17]
You now have 71 max hp (-2).
You take 17 damage, and now have 25/71 hp.
MASSIVE DAMAGE!! (PAUSE) 😨 HP[+1] 😨 HP[+1]
The kobold attacks as you move away! The kobold hits you but does no damage.
The kobold attacks as you move away! The kobold hits you but does no damage.
The kobold attacks as you move away!
The kobold hits you but does no damage. 😨 HP[+1]
There is a stone staircase leading up here.
The kobold barely misses you.
You fly upwards.
There is a stone staircase leading down here. 😨 HP[+1]
You closely miss the kobold. The kobold hits you but does no damage.
You barely miss the kobold. You headbutt the kobold.
You kill the kobold!
You see here a +0 short sword {short}. 😨 HP[+1]
You see here a +0 short sword {short}.
There is a stone staircase leading down here.
You start resting. 😎 HP[+41]
Your hp is fully restored (71).
You fly downwards.
The iguana bites you but does no damage.
There is a stone staircase leading up here.
You hit the iguana but do no damage. Lightning courses through the iguana!
You kill the iguana!
Your Throwing skill increases to level 2!
You now have 72 max hp (+1).
The wight hits you but does no damage. The wight closely misses you.
You hit the wight. Lightning courses through the wight! You headbutt the wight.
The wight hits you with a +0 mace. You block the wight's attack. 😕 HP[-2]
You take 2 damage, and now have 69/72 hp.
You closely miss the wight.
You headbutt the wight, but do no damage.
The wight hits you but does no damage. You block the wight's attack.
You hit the wight but do no damage. Lightning courses through the wight!
You destroy the wight!
You hit the wight. The wight closely misses you. You block the wight's attack.
The wight hits you with a +0 scimitar!
You feel drained.
The wight hits you from afar with a +3 halberd of freezing!
The wight freezes you.
Your Fighting skill increases to level 9! 😮 HP[-20]
You now have 73 max hp (+1).
You take 20 damage, and now have 49/73 hp.
MASSIVE DAMAGE!! (PAUSE)
You slash the wight! You headbutt the wight. You slash the kobold!
Lightning courses through the kobold!
You kill the kobold!
The wight hits you but does no damage. x2
You hit the wight but do no damage. Your headbutt misses the wight.
The wight hits you from afar with a +3 halberd of freezing!
You feel drained. The wight freezes you.
You block the wight's attack. 😮 HP[-11]
You now have 71 max hp (-2).
You take 11 damage, and now have 38/71 hp.
You hit the wight. Lightning courses through the wight!
You destroy the wight!
The wight hits you from afar with a +3 halberd of freezing!
* * * LOW HITPOINT WARNING * * *
You feel drained.
* * * LOW HITPOINT WARNING * * *
The wight freezes you.
* * * LOW HITPOINT WARNING * * *
😨 HP[-17]
You take 17 damage, and now have 21/71 hp.
MASSIVE DAMAGE!! (PAUSE)
There is a stone staircase leading up here.
You can't go down here!
The wight hits you from afar with a +3 halberd of freezing!
* * * LOW HITPOINT WARNING * * *
You feel drained.
You die...

Skill      XL: |  1  2  3  4  5  6  7  8 |
---------------+-------------------------+-----
Fighting       | 4 5 7 9 |  9.1
Axes           | 3 4 6 7 8 |  8.6
Armour         | 4 5 6 |  6.0
Throwing       | 2 |  2.2
Shields        | |  3.6

Action                   |  1- 3 |  4- 6 |  7- 9 || total
-------------------------+-------+-------+-------++-------
Melee: War axe           |    69 |    73 |    89 ||   231
       Headbutt          |     5 |    11 |    19 ||    35
  Use: Scroll            |       |       |    17 ||    17
Armor: Chain mail        |    37 |    56 |    41 ||   134
       Scale mail        |     2 |       |       ||     2
Dodge: Dodged            |    21 |    23 |    20 ||    64
Block: Buckler           |    11 |    15 |    28 ||    54

Levels and vault maps discovered:
D:1:      psy_arrival_conway, layout_loops_ring, minivault_27
D:2:      layout_loops_cross, basic_altar, dreamdust_ecumenical_altar_statues
D:3:      layout_basic, minmay_misc_feat_five, lexackson_kobold_supper
D:4:      layout_loops_ring, minmay_fountain_box, st_stairs_13, uniq_pikel
D:5:      layout_basic, cheibriados_altar_1, nicolae_take_the_stairs,
          amethyst_killhole, uniq_crazy_yiuf_cottage
D:6:      layout_basic, lemuel_coloured_pillars_altar,
          minmay_temple_entry_drinking_statues, serial_shops, shop

Notes
Turn   | Place    | Note
-------+----------+-------------------------------------------
     0 | D:1      | Sanktem7 the Minotaur Fighter began the quest for the Orb.
     0 | D:1      | Reached XP level 1. HP: 19/19 MP: 0/0
     0 | D:1      | magus.rc [v1.9.6]
   164 | D:1      | Reached XP level 2. HP: 23/27 MP: 1/1
   220 | D:1      | Reached skill level 4 in Fighting
   260 | D:1      | Reached skill level 3 in Axes
   402 | D:1      | You pick up a book of Rime and begin reading...
   402 | D:1      | You add the spells Frozen Ramparts, Ice Form and Summon Ice
                  | Beast to your library.
   611 | D:1      | Reached skill level 4 in Armour
   611 | D:1      | Reached XP level 3. HP: 33/33 MP: 2/2
  1023 | D:2      | Found an ornate altar of the Wu Jian Council.
  1193 | D:2      | Found a faded altar of an unknown god.
  1201 | D:2      | Reached XP level 4. HP: 39/41 MP: 3/3
  1530 | D:3      | Reached skill level 4 in Axes
  1668 | D:3      | Reached skill level 5 in Fighting
  1676 | D:3      | Noticed an ogre
  1686 | D:3      | Killed an ogre
  1687 | D:3      | Reached XP level 5. HP: 21/48 MP: 4/4
  1736 | D:3      | You add the spells Gell's Gravitas, Teleport Other and
                  | Dispersal to your library.
  1825 | D:3      | You pick up a book of the Wilderness and begin reading...
  1825 | D:3      | You add the spells Summon Forest, Summon Mana Viper and
                  | Summon Cactus Giant to your library.
  2048 | D:4      | Found the +4 robe of Folly {Brilliance Will-∞ Int+8}
  2067 | D:4      | Reached skill level 5 in Axes
  2251 | D:4      | Noticed a lemure
  2251 | D:4      | Noticed a lemure
  2253 | D:4      | Noticed Pikel
  2254 | D:4      | Noticed a lemure
  2269 | D:4      | Killed Pikel
  2270 | D:4      | Reached skill level 7 in Fighting
  2270 | D:4      | Reached skill level 6 in Axes
  2270 | D:4      | Reached skill level 5 in Armour
  2270 | D:4      | Reached XP level 6. HP: 32/60 MP: 5/5
  2270 | D:4      | Reached XP level 7. HP: 35/66 MP: 6/6
  2867 | D:5      | Entered Level 5 of the Dungeon
  2966 | D:5      | Reached skill level 7 in Axes
  3114 | D:5      | Reached skill level 6 in Armour
  3139 | D:5      | Reached XP level 8. HP: 72/74 MP: 7/7
  3201 | D:5      | Reached skill level 8 in Fighting
  3249 | D:5      | Found Jolye's Armour Emporium.
  3266 | D:5      | Found a snail-covered altar of Cheibriados.
  3943 | D:5      | Found a runed translucent door.
  3944 | D:5      | Noticed Crazy Yiuf
  3950 | D:5      | Killed Crazy Yiuf
  4006 | D:5      | Identified a scroll of acquirement
  4006 | D:5      | Acquired the amulet "Ute Zipnoph" {Faith +Inv Fly rF+
                  | Int+4}
  4092 | D:6      | Reached skill level 1 in Throwing
  4102 | D:6      | Reached skill level 8 in Axes
  4367 | D:6      | Reached skill level 2 in Throwing
  4371 | D:6      | Reached skill level 9 in Fighting
  4375 | D:6      | HP: 6/71 [wight/+3 halberd of freezing (15)]
  4375 | D:6      | Slain by a wight

Vanquished Creatures
  Pikel (D:4)
  A water moccasin (D:6)
  2 ogres
  A phantom (D:5)
  A kobold brigand (D:6)
  2 scorpions (D:5)
  3 wights (D:6)
  A jelly (D:5)
  Crazy Yiuf (D:5)
  2 hounds (D:6)
  2 iguanas
  A gnoll bouda (D:6)
  An orc wizard (D:5)
  5 adders
  8 gnolls
  A shadow imp (D:3)
  An ufetubus (D:3)
  7 dart slugs
  7 orcs
  7 ball pythons
  7 endoplasms
  A giant cockroach (D:1)
  3 hobgoblins
  2 quokkas
  3 bats
  8 frilled lizards
  10 goblins
  16 kobolds
  3 rats (D:3)
108 creatures vanquished.

Vanquished Creatures (others)
  4 plants (D:3)
4 creatures vanquished.

Grand Total: 112 creatures vanquished

Table legend:
 A = Non-vault XP
 B = Vault XP
 C = Vault XP percentage of total XP
 D = Non-vault monster count
 E = Vault monster count
 F = Vault count percentage of total count
                 A         B        C        D         E       F
            +---------+---------+-------+---------+---------+-------
      Total |    1563 |     682 |  30.4 |      96 |      12 |  11.1
            +---------+---------+-------+---------+---------+-------
        D:1 |      52 |       0 |   0.0 |      25 |       0 |   0.0
        D:2 |      67 |       0 |   0.0 |      17 |       0 |   0.0
        D:3 |     165 |       9 |   5.2 |      14 |       8 |  36.4
        D:4 |     180 |     632 |  77.8 |      11 |       3 |  21.4
        D:5 |     412 |      41 |   9.1 |      13 |       1 |   7.1
        D:6 |     687 |       0 |   0.0 |      16 |       0 |   0.0
            +---------+---------+-------+---------+---------+-------

Illustrated notes

Table legend:
 A = Kills in this place as a percentage of kills in entire the game.
 B = Kills by you in this place as a percentage of kills by you in the entire game.
 C = Kills by friends in this place as a percentage of kills by friends in the entire game.
 D = Other kills in this place as a percentage of other kills in the entire game.
 E = Experience gained in this place as a percentage of experience gained in the entire game.
 F = Experience gained in this place divided by the number of levels of this place that you have seen.
                   A       B       C       D       E      F
               +-------+-------+-------+-------+-------+----------------------
         Total | 100.0 | 100.0 |   N/A |   N/A | 100.0 | 374.2
       Dungeon | 100.0 | 100.0 |   N/A |   N/A | 100.0 | 374.2
               +-------+-------+-------+-------+-------+----------------------

Table legend: (Time is in decaauts)
 A = Elapsed time spent in this place.
 B = Non-inter-level travel time spent in this place.
 C = Inter-level travel time spent in this place.
 D = Time resting spent in this place.
 E = Time spent auto-exploring this place.
 F = Levels seen in this place.
 G = Mean time per level.
                   A        B        C        D        E       F      G
               +--------+--------+--------+--------+--------+-----+--------+
         Total |   4443 |   4287 |    156 |    223 |   3370 |   6 |  740.5 |
       Dungeon |   4443 |   4287 |    156 |    223 |   3370 |   6 |  740.5 |
               +--------+--------+--------+--------+--------+-----+--------+

Top non-repeatable levels by time:
     D:5: 1400 daAuts
     D:1: 862 daAuts
     D:4: 830 daAuts
     D:2: 672 daAuts
     D:3: 558 daAuts
     D:6: 118 daAuts
